AoeStats
← erik12bott

Arabia

503681052Analyzed
1v1 RM · 1mo ago on Sep 1, 2026· 60m 57s· 2 players
Game mode
Random Map
Map size
Tiny (2 player)
Population
200
Speed
Normal
Resources
Standard
Victory
Conquest
Starting age
Dark Age
Ending age
Imperial Age
RankedLock teamsTeams togetherTeam positionsShared explorationLock speedFull tech treeHidden civsTurbo modeCheats
Victory
Defeat
🇭🇰 Wei · Hong Kong SAR China
1078
+16
🇳🇴 Jurchens · Norway
1072
-35
erik12bott
7:25 Loom
9:59 Feudal Age
20:16 Castle Age
20:16 Gold Mining
20:18 Stone Mining
20:17 Double-Bit Axe
21:28 Bloodlines
21:19 Husbandry
21:28 Scale Barding Armor
21:33 Forging
22:19 Bow Saw
22:35 Horse Collar
26:04 Heavy Plow
26:17 Light Cavalry
30:36 Fervor
31:01 Fortified Bastions
32:32 Chain Barding Armor
32:48 Iron Casting
35:10 Wheelbarrow
34:27 Town Watch
39:41 Imperial Age
37:27 Fletching
39:46 Bodkin Arrow
41:47 Plate Barding Armor
42:13 Blast Furnace
42:09 Conscription
41:17 Elite Skirmisher
42:39 Guard Tower
43:06 Padded Archer Armor
43:36 Hussar
43:48 Heavy Rocket Cart
45:06 Siege Engineers
47:20 Chemistry
46:42 Ballistics
46:49 Leather Archer Armor
46:38 Squires
54:19 Thunderclap Bombs
59:20 Arrowslits
Gilbert builds a Blacksmith
6:43 Loom
9:40 Feudal Age
10:13 Double-Bit Axe
10:15 Horse Collar
14:19 Town Watch
15:35 Wheelbarrow
22:32 Castle Age
20:54 Gold Mining
22:04 Stone Mining
23:04 Scale Barding Armor
23:39 Bow Saw
24:05 Heavy Plow
24:16 Husbandry
29:08 Fletching
29:53 Bodkin Arrow
30:33 Bloodlines
31:15 Gold Shaft Mining
32:15 Thumb Ring
32:26 Scale Mail Armor
32:16 Pikeman
32:56 Squires
33:53 Padded Archer Armor
35:50 Chain Mail Armor
36:25 Tuntian
37:09 Hand Cart
37:37 Town Patrol
38:30 Leather Archer Armor
41:02 Imperial Age
38:58 Forging
38:41 Light Cavalry
39:13 Arson
41:04 Iron Casting
41:22 Sanctity
41:47 Bracer
42:20 Crop Rotation
42:28 Stone Shaft Mining
42:29 Parthian Tactics
42:34 Conscription
44:01 Chemistry
43:12 Masonry
43:54 Ring Archer Armor
43:24 Guard Tower
44:48 Blast Furnace
44:19 Illumination
44:05 Fervor
45:23 Chain Barding Armor
45:56 Ming Guang Armor
47:16 Keep
48:58 Ballistics
49:12 Halberdier
52:15 Hoardings
52:05 Hussar
54:12 Block Printing
56:33 Elite Tiger Cavalry
58:12 Murder Holes
60:23 Capped Ram
Connection lost

Rejoining the realm…

Still unreachable

The connection could not be restored.

Session expired

The server has moved on; the page needs a fresh start.